Knights vs Harfangs
Created - October 27, 2018 at 22:48
Goals
|
| Knights |
1 |
4 |
2 |
7 |
| Harfangs |
2 |
2 |
4 |
8 |
|
Shots
|
| Knights |
10 |
12 |
13 |
35 |
| Harfangs |
20 |
9 |
15 |
44 |
|
1st period
1. Harfangs , Cody Eakin 3 (Zac Leslie 1) at 7:03
2. Harfangs , Brandon Pirri 2 (Jujhar Khaira 1) at 11:41
3. Knights , Brendan Gaunce 1 (Jacob Trouba 2, Tomas Kundratek 5) at 18:21
Penalties :
Jake Dotchin (BEA) for Hooking (Minor) at 7:48
2nd period
4. Harfangs , Tomas Kubalik 2 (Victor Bartley 2, Jimmy Hayes 2) at 5:02
5. Knights , Noel Acciari 2 (Pavel Buchnevich 4) at 5:12
6. Knights , Michael Raffl 3 (Miro Aaltonen 9, Pavel Buchnevich 5) at 6:03 (PP)
7. Knights , Miro Aaltonen 3 (Tomas Kundratek 6) at 7:41 (PP)
8. Harfangs , Dylan Olsen 1 (Jujhar Khaira 2) at 12:06
9. Knights , Linden Vey 2 (Miro Aaltonen 10, Jordan Martinook 1) at 17:13
Penalties :
Dylan Olsen (BEA) for Interference (Minor) at 5:42, Brandon Pirri (BEA) for Slashing (Minor) at 7:37, Brandon Saad (BEA) for Roughing (Minor) at 12:45
3rd period
10. Harfangs , Jimmy Hayes 4 (Cody Eakin 3) at 1:59
11. Harfangs , Brandon Saad 1 (Tomas Kubalik 2, Calle Jarnkrok 2) at 2:38
12. Harfangs , Jujhar Khaira 1 (Boone Jenner 2, Dylan Olsen 1) at 11:23
13. Knights , Michael Raffl 4 (Pavel Buchnevich 6, Noel Acciari 7) at 12:43
14. Harfangs , Jimmy Hayes 5 (Cody Eakin 4, Victor Bartley 3) at 12:57
15. Knights , Tom Wilson 1 (Brendan Gaunce 1, Zach Trotman 1) at 14:56
Penalties :
Brandon Saad (BEA) for Slashing (Minor) at 4:10, Andreas Martinsen (BEA) for Roughing (Minor) at 5:20, Brett Connolly (Lon) for Goalie Interference (Minor) at 7:57, Cody Eakin (BEA) for Tripping (Minor) at 15:03
Goalie Stats
Magnus Hellberg (Lon), 36 saves from 44 shots - (0.818), L, 2-1-0, 58:55 minutes
Anton Forsberg (BEA), 28 saves from 35 shots - (0.800), W, 3-2-0, 60:00 minutes
Players Stats for Knights
Player Name G A P +/- PIM S H SB GA TA FO MP PP MP PK MP
------------------------------------------------------------------------------------
Andrei Mironov 0 0 0 -5 0 1 0 2 0 1 0/0 11:25 0:00 0:00
Brendan Gaunce 1 1 2 0 0 4 0 1 0 0 4/6 12:37 0:00 0:00
Brett Connolly 0 0 0 -3 2 0 0 0 0 0 0/1 6:57 0:00 0:00
Collin Miller 0 0 0 -5 0 1 1 0 1 1 0/0 16:07 3:42 0:00
Jaccob Slavin 0 0 0 0 0 1 1 2 1 1 0/0 24:55 5:49 0:40
Jacob Trouba 0 1 1 1 0 0 3 1 0 1 0/0 25:31 3:42 0:40
Jordan Martinook 0 1 1 0 0 1 3 0 0 0 2/2 13:23 0:00 0:03
Linden Vey 1 0 1 0 0 2 1 0 2 1 0/1 19:23 4:01 0:53
Michael Raffl 2 0 2 0 0 4 0 0 0 0 0/3 22:05 5:30 0:56
Miro Aaltonen 1 2 3 0 0 5 0 0 1 0 11/20 18:32 5:30 0:00
Noel Acciari 1 1 2 0 0 4 2 0 0 0 17/27 20:33 4:01 0:46
Pavel Buchnevich 0 3 3 0 0 3 0 1 1 0 3/3 19:56 5:30 0:00
Scott Wilson 0 0 0 -3 0 1 0 0 0 0 0/0 7:47 0:00 1:00
Stefan Matteau 0 0 0 -3 0 2 0 0 2 0 2/3 7:07 0:00 0:20
Tom Wilson 1 0 1 0 0 2 0 0 1 0 0/0 12:55 0:00 0:00
Tomas Kundratek 0 2 2 2 0 1 2 2 3 1 0/0 25:43 5:49 1:19
Valentin Zykov 0 0 0 0 0 2 0 1 0 0 0/1 16:45 4:01 0:00
Zach Trotman 0 1 1 1 0 1 2 0 0 0 0/0 16:19 0:00 1:19
Players Stats for Harfangs
Player Name G A P +/- PIM S H SB GA TA FO MP PP MP PK MP
------------------------------------------------------------------------------------
Andreas Martinsen 0 0 0 0 2 1 4 0 0 0 1/1 21:55 1:02 2:27
Boone Jenner 0 1 1 2 0 1 1 1 0 0 5/11 11:32 0:03 1:03
Brandon Pirri 1 0 1 2 2 6 0 0 0 0 0/1 10:31 0:06 0:00
Brandon Saad 1 0 1 1 4 2 1 0 0 1 0/0 14:55 0:54 0:19
Calle Jarnkrok 0 1 1 1 0 0 0 0 0 0 6/14 14:24 0:54 0:05
Cody Eakin 1 2 3 0 2 3 0 0 0 1 15/36 24:10 1:02 4:42
Dylan Olsen 1 1 2 3 2 5 3 0 0 0 0/0 27:11 1:10 5:35
Jake Dotchin 0 0 0 1 2 0 1 2 0 0 0/0 17:24 0:49 2:46
Jimmy Hayes 2 1 3 0 0 6 4 2 1 2 0/1 24:56 0:59 5:16
Joel Armia 0 0 0 0 0 3 0 2 1 0 0/0 8:40 0:03 2:24
Jujhar Khaira 1 2 3 2 0 4 2 0 0 0 0/0 10:20 0:00 0:00
Laurent Dauphin 0 0 0 0 0 0 1 0 0 1 0/2 5:55 0:00 0:00
Morgan Klimchuk 0 0 0 0 0 0 0 0 0 0 0/0 5:55 0:00 0:00
Reid McNeill 0 0 0 1 0 3 2 0 0 2 0/0 18:23 0:49 3:35
Rinat Valiev 0 0 0 -1 0 0 0 1 0 1 0/0 15:25 0:00 1:10
Tomas Kubalik 1 1 2 1 0 6 2 0 2 0 1/1 16:20 0:54 1:56
Victor Bartley 0 2 2 3 0 3 1 1 2 1 0/0 27:33 1:10 5:56
Zac Leslie 0 1 1 -1 0 1 0 2 0 3 0/0 14:04 0:00 0:00
3 Stars
1 - Jimmy Hayes (BEA)
2 - Jujhar Khaira (BEA)
3 - Dylan Olsen (BEA)
Power Play
Knights - 2 on 7 Attempt(s) - 28.57%
Harfangs - 0 on 1 Attempt(s) - 0.00%
Penalty Kill
Knights - 1 on 1 Attempt(s) - 100.00%
- Score 0 goal in Penalty Kill
Harfangs - 5 on 7 Attempt(s) - 71.43%
- Score 0 goal in Penalty Kill
Team Stat
Knights - Hits : 15 - Faceoff Wins : 39 - Blocked Shots : 10 - Penalty Minutes : 2
Harfangs - Hits : 22 - Faceoff Wins : 28 - Blocked Shots : 11 - Penalty Minutes : 14
Official
Referees : Unknown
Linesman : Unknown
Game Notes
No Game Note
Finance
Level 1 -- Attendance: 1429 (71.45%) -- Ticket Income $48,586
Level 2 -- Attendance: 734 (73.40%) -- Ticket Income $13,946
Total Attendance: 2163 (72.10%)
Total Ticket Income: $62,532
Other Income: $3,127
Total Income: $65,659
Knights
5 vs 5 Forward
Center Left Wing Right Wing Time % Phy DF OF
1 Noel Acciari Michael Raffl Pavel Buchnevich 36 1 1 3
2 Miro Aaltonen Jordan Martinook Linden Vey 30 1 1 3
3 Brendan Gaunce Valentin Zykov Tom Wilson 24 1 1 3
4 Stefan Matteau Scott Wilson Brett Connolly 10 2 1 2
5 vs 5 Defense
Defense Defense Time % Phy DF OF
1 Jacob Trouba Tomas Kundratek 40 1 2 2
2 Zach Trotman Jaccob Slavin 30 1 1 3
3 Andrei Mironov Collin Miller 20 1 2 2
4 Jacob Trouba Jaccob Slavin 10 1 2 2
PowerPlay Forward
Center Left Wing Right Wing Time % Phy DF OF
1 Miro Aaltonen Michael Raffl Pavel Buchnevich 60 1 1 3
2 Noel Acciari Valentin Zykov Linden Vey 40 1 1 3
PowerPlay Defense
Defense Defense Time % Phy DF OF
1 Jaccob Slavin Tomas Kundratek 60 0 1 4
2 Collin Miller Jacob Trouba 40 0 1 4
Penalty Kill 4 Players Forward
Center Wing Time % Phy DF OF
1 Linden Vey Michael Raffl 60 1 3 1
2 Noel Acciari Tom Wilson 40 1 3 1
Penalty Kill 4 Players Defense
Defense Defense Time % Phy DF OF
1 Tomas Kundratek Zach Trotman 60 1 3 1
2 Jaccob Slavin Jacob Trouba 40 1 3 1
Penalty Kill - 3 Players Forward
Forward Time % Phy DF OF
1 Michael Raffl 60 0 4 1
2 Linden Vey 40 0 4 1
Penalty Kill - 3 Players Defense
Defense Defense Time % Phy DF OF
1 Zach Trotman Tomas Kundratek 60 1 3 1
2 Jacob Trouba Jaccob Slavin 40 1 3 1
4 vs 4 Forward
Center Wing Time % Phy DF OF
1 Tom Wilson Michael Raffl 60 1 2 2
2 Linden Vey Noel Acciari 40 1 2 2
4 vs 4 Defense
Defense Defense Time % Phy DF OF
1 Tomas Kundratek Jaccob Slavin 60 1 2 2
2 Jacob Trouba Collin Miller 40 1 2 2
Last Minutes Offensive
Center Left Wing Right Wing Defense Defense
Noel Acciari Michael Raffl Linden Vey Tomas Kundratek Jacob Trouba
Last Minutes Defensive
Center Left Wing Right Wing Defense Defense
Noel Acciari Michael Raffl Linden Vey Tomas Kundratek Jacob Trouba
Goaltenders
Starting : Magnus Hellberg
Backup : Ben Scrivens
Extra Forwards
Normal : Tom Wilson, Miro Aaltonen, Michael Raffl - PP : Tom Wilson, Michael Raffl - PK : Michael Raffl
Extra Defensemen
Normal : Jaccob Slavin, Tomas Kundratek, Jacob Trouba - PP : Jacob Trouba - PK : Jaccob Slavin, Jacob Trouba
Penalty Shots
Michael Raffl, Miro Aaltonen, Pavel Buchnevich, Tom Wilson, Linden Vey
Scratches
Zach Nastasiuk (Healthy), Cody Bass (Healthy), Alan Quine (Healthy), Michael Matheson (Sprained Right Knee Injury), Matt Puempel (Healthy)
David Shields (Healthy), Matthew Benning (Healthy), Matt Grzelcyk (Healthy), Trevor Moore (Healthy), Curtis Valk (Healthy)
Anthony Louis (Healthy), Ludwig Bystrom (Healthy), Travis Boyd (Healthy), Anton Blidh (Healthy), Jonathan Drouin (Bruised Left Leg Injury)
A.J. Jenks (Healthy), Connor Knapp (Healthy), Eamon McAdam (Healthy), Philippe Desrosiers (Healthy), Ville Husso (Healthy)
Harfangs
5 vs 5 Forward
Center Left Wing Right Wing Time % Phy DF OF
1 Cody Eakin Andreas Martinsen Jimmy Hayes 40 1 2 2
2 Calle Jarnkrok Brandon Saad Tomas Kubalik 30 1 2 2
3 Boone Jenner Jujhar Khaira Brandon Pirri 20 1 2 2
4 Laurent Dauphin Morgan Klimchuk Joel Armia 10 1 2 2
5 vs 5 Defense
Defense Defense Time % Phy DF OF
1 Victor Bartley Dylan Olsen 40 1 2 2
2 Reid McNeill Jake Dotchin 30 1 2 2
3 Zac Leslie Rinat Valiev 20 1 2 2
4 Victor Bartley Dylan Olsen 10 1 2 2
PowerPlay Forward
Center Left Wing Right Wing Time % Phy DF OF
1 Cody Eakin Andreas Martinsen Jimmy Hayes 60 1 2 2
2 Calle Jarnkrok Brandon Saad Tomas Kubalik 40 1 2 2
PowerPlay Defense
Defense Defense Time % Phy DF OF
1 Victor Bartley Dylan Olsen 60 1 2 2
2 Reid McNeill Jake Dotchin 40 1 2 2
Penalty Kill 4 Players Forward
Center Wing Time % Phy DF OF
1 Cody Eakin Jimmy Hayes 60 1 2 2
2 Tomas Kubalik Andreas Martinsen 40 1 2 2
Penalty Kill 4 Players Defense
Defense Defense Time % Phy DF OF
1 Victor Bartley Dylan Olsen 60 1 2 2
2 Reid McNeill Jake Dotchin 40 1 2 2
Penalty Kill - 3 Players Forward
Forward Time % Phy DF OF
1 Cody Eakin 60 1 2 2
2 Jimmy Hayes 40 1 2 2
Penalty Kill - 3 Players Defense
Defense Defense Time % Phy DF OF
1 Victor Bartley Dylan Olsen 60 1 2 2
2 Reid McNeill Jake Dotchin 40 1 2 2
4 vs 4 Forward
Center Wing Time % Phy DF OF
1 Cody Eakin Jimmy Hayes 60 1 2 2
2 Tomas Kubalik Andreas Martinsen 40 1 2 2
4 vs 4 Defense
Defense Defense Time % Phy DF OF
1 Victor Bartley Dylan Olsen 60 1 2 2
2 Reid McNeill Jake Dotchin 40 1 2 2
Last Minutes Offensive
Center Left Wing Right Wing Defense Defense
Cody Eakin Andreas Martinsen Jimmy Hayes Victor Bartley Dylan Olsen
Last Minutes Defensive
Center Left Wing Right Wing Defense Defense
Cody Eakin Andreas Martinsen Jimmy Hayes Victor Bartley Dylan Olsen
Goaltenders
Starting : Anton Forsberg
Backup : Zachary Fucale
Extra Forwards
Normal : Brandon Pirri, Boone Jenner, Joel Armia - PP : Brandon Pirri, Boone Jenner - PK : Joel Armia
Extra Defensemen
Normal : Zac Leslie, Rinat Valiev, Reid McNeill - PP : Zac Leslie - PK : Rinat Valiev, Reid McNeill
Penalty Shots
Cody Eakin, Jimmy Hayes, Tomas Kubalik, Andreas Martinsen, Calle Jarnkrok
Scratches
Colton Sissons (Healthy), Cristoval Nieves (Healthy), Brenden Kichton (Healthy), John Macfarland (Healthy), Blake Heinrich (Healthy)
Nick Sorensen (Healthy), Mark Alt (Healthy), Brendan Leipsic (Healthy), Steve McCarthy (Healthy), Dustin Jeffrey (Healthy)
Jason Kasdorf (Healthy), Mark Visentin (Healthy), Scott Wedgewood (Healthy)
% Time on Ice - Knights
Lines # - Real PCT - Wanted PCT - Time Play
Normal Forward
1 - 31% - 36% - 14:49
2 - 28% - 30% - 13:27
3 - 27% - 24% - 12:37
4 - 14% - 10% - 6:24
Normal Defense
1 - 39% - 40% - 18:22
2 - 27% - 30% - 12:49
3 - 24% - 20% - 11:25
4 - 10% - 10% - 4:41
PP Forward
1 - 58% - 60% - 5:30
2 - 42% - 40% - 4:01
PP Defense
1 - 61% - 60% - 5:49
2 - 39% - 40% - 3:42
PK Forward
1 - 100% - 60% - 1:59
2 - 0% - 40% - 0:00
PK Defense
1 - 66% - 60% - 1:19
2 - 34% - 40% - 0:40
PK3 Forward
1 - 0% - 60%
2 - 0% - 40%
PK3 Defense
1 - 0% - 60%
2 - 0% - 40%
44 Forward
1 - 0% - 60%
2 - 0% - 40%
44 Defense
1 - 0% - 60%
2 - 0% - 40%
Last Minute Offensive - 1:13
Last Minute Defensive - 0:00
Total
Forward - 60:00
Defense - 60:00
|
% Time on Ice - Harfangs
Lines # - Real PCT - Wanted PCT - Time Play
Normal Forward
1 - 37% - 40% - 17:33
2 - 29% - 30% - 13:30
3 - 22% - 20% - 10:20
4 - 13% - 10% - 5:55
Normal Defense
1 - 36% - 40% - 16:56
2 - 30% - 30% - 13:59
3 - 30% - 20% - 14:04
4 - 5% - 10% - 2:19
PP Forward
1 - 55% - 60% - 1:05
2 - 45% - 40% - 0:54
PP Defense
1 - 59% - 60% - 1:10
2 - 41% - 40% - 0:49
PK Forward
1 - 77% - 60% - 6:41
2 - 23% - 40% - 2:01
PK Defense
1 - 60% - 60% - 5:15
2 - 40% - 40% - 3:27
PK3 Forward
1 - 84% - 60% - 0:41
2 - 16% - 40% - 0:08
PK3 Defense
1 - 84% - 60% - 0:41
2 - 16% - 40% - 0:08
44 Forward
1 - 0% - 60%
2 - 0% - 40%
44 Defense
1 - 0% - 60%
2 - 0% - 40%
Last Minute Offensive - 0:00
Last Minute Defensive - 1:12
Total
Forward - 60:00
Defense - 60:00
|
Play by Play
1st period
0:01 of 1st period - Noel Acciari wins face-off versus Cody Eakin in neutral zone.
0:10 of 1st period - Slapshot by Noel Acciari.
0:10 of 1st period - Stopped by Anton Forsberg with a rebound.
0:12 of 1st period - Snap shot by Michael Raffl.
0:12 of 1st period - Stopped by Anton Forsberg with a rebound.
0:26 of 1st period - Calle Jarnkrok is hit by Tomas Kundratek and loses puck.
0:45 of 1st period - Snap shot by Joel Armia.
0:45 of 1st period - Stopped by Magnus Hellberg with a rebound.
2:19 of 1st period - Slapshot by Jaccob Slavin.
2:19 of 1st period - Shot Misses the Net.
2:40 of 1st period - Slapshot by Brandon Pirri.
2:40 of 1st period - Shot Blocked by Brendan Gaunce.
2:58 of 1st period - Collin Miller is hit by Reid McNeill and loses puck.
3:15 of 1st period - Andreas Martinsen is hit by Jordan Martinook and loses puck.
3:22 of 1st period - Jacob Trouba is hit by Victor Bartley and loses puck.
3:27 of 1st period - Snap shot by Cody Eakin.
3:27 of 1st period - Shot Misses the Net.
3:38 of 1st period - Icing by Jake Dotchin.
3:39 of 1st period - Calle Jarnkrok wins face-off versus Brett Connolly in Harfangs zone.
4:04 of 1st period - Backhand shot by Boone Jenner.
4:04 of 1st period - Shot Blocked by Jaccob Slavin.
4:06 of 1st period - Wrist shot by Jujhar Khaira.
4:06 of 1st period - Stopped by Magnus Hellberg without a rebound.
4:07 of 1st period - Noel Acciari wins face-off versus Boone Jenner in Knights zone.
4:24 of 1st period - Collin Miller is hit by Boone Jenner and loses puck.
4:33 of 1st period - Collin Miller is hit by Reid McNeill and loses puck.
4:52 of 1st period - Wrist shot by Pavel Buchnevich.
4:52 of 1st period - Shot Hit the Post.
4:54 of 1st period - Slapshot by Michael Raffl.
4:54 of 1st period - Stopped by Anton Forsberg without a rebound.
4:55 of 1st period - Miro Aaltonen wins face-off versus Cody Eakin in Harfangs zone.
5:20 of 1st period - Victor Bartley is hit by Jaccob Slavin and loses puck.
5:51 of 1st period - Wrist shot by Stefan Matteau.
5:51 of 1st period - Stopped by Anton Forsberg with a rebound.
7:03 of 1st period - Snap shot by Cody Eakin.
7:03 of 1st period - Goal by Cody Eakin - Knights : 0 - Harfangs : 1.
7:04 of 1st period - Jordan Martinook wins face-off versus Cody Eakin in neutral zone.
7:48 of 1st period - Minor Penalty to Jake Dotchin for Hooking.
7:49 of 1st period - Cody Eakin wins face-off versus Miro Aaltonen in Harfangs zone.
8:20 of 1st period - Snap shot by Valentin Zykov.
8:20 of 1st period - Stopped by Anton Forsberg without a rebound.
8:21 of 1st period - Tomas Kubalik wins face-off versus Miro Aaltonen in Harfangs zone.
9:06 of 1st period - Victor Bartley is hit by Noel Acciari and loses puck.
9:48 of 1st period - Penalty to Jake Dotchin is over, Jake Dotchin is back on ice.
9:55 of 1st period - Snap shot by Brandon Pirri.
9:55 of 1st period - Stopped by Magnus Hellberg with a rebound.
9:58 of 1st period - Icing by Scott Wilson.
9:59 of 1st period - Boone Jenner wins face-off versus Stefan Matteau in Knights zone.
10:16 of 1st period - Backhand shot by Brandon Pirri.
10:16 of 1st period - Stopped by Magnus Hellberg with a rebound.
10:18 of 1st period - Wrist shot by Jujhar Khaira.
10:18 of 1st period - Shot Misses the Net.
10:20 of 1st period - Snap shot by Reid McNeill.
10:20 of 1st period - Shot Misses the Net.
10:22 of 1st period - Slapshot by Jujhar Khaira.
10:22 of 1st period - Deflect By Jaccob Slavin.
10:22 of 1st period - Stopped by Magnus Hellberg without a rebound.
10:23 of 1st period - Cody Eakin wins face-off versus Noel Acciari in Knights zone.
10:26 of 1st period - Snap shot by Cody Eakin.
10:26 of 1st period - Deflect By Jimmy Hayes.
10:26 of 1st period - Stopped by Magnus Hellberg with a rebound.
10:49 of 1st period - Jacob Trouba is hit by Brandon Saad and loses puck.
10:58 of 1st period - Wrist shot by Brendan Gaunce.
10:58 of 1st period - Shot Misses the Net.
11:41 of 1st period - Wrist shot by Brandon Pirri.
11:41 of 1st period - Goal by Brandon Pirri - Knights : 0 - Harfangs : 2.
11:42 of 1st period - Pavel Buchnevich wins face-off versus Cody Eakin in neutral zone.
12:18 of 1st period - Slapshot by Miro Aaltonen.
12:18 of 1st period - Deflect By Tomas Kubalik.
12:18 of 1st period - Shot Misses the Net.
12:18 of 1st period - Puck is out of play.
12:19 of 1st period - Brendan Gaunce wins face-off versus Calle Jarnkrok in Harfangs zone.
12:33 of 1st period - Wrist shot by Calle Jarnkrok.
12:33 of 1st period - Deflect By Tomas Kubalik.
12:33 of 1st period - Shot Blocked by Tomas Kundratek.
12:33 of 1st period - Puck is out of play.
12:34 of 1st period - Cody Eakin wins face-off versus Michael Raffl in Knights zone.
12:35 of 1st period - Wrist shot by Jimmy Hayes.
12:35 of 1st period - Shot Misses the Net.
12:49 of 1st period - Snap shot by Noel Acciari.
12:49 of 1st period - Shot Misses the Net.
13:01 of 1st period - Miro Aaltonen is hit by Tomas Kubalik and loses puck.
13:12 of 1st period - Wrist shot by Tomas Kubalik.
13:12 of 1st period - Shot Misses the Net.
13:24 of 1st period - Snap shot by Tom Wilson.
13:24 of 1st period - Stopped by Anton Forsberg without a rebound.
13:25 of 1st period - Brendan Gaunce wins face-off versus Laurent Dauphin in Harfangs zone.
13:32 of 1st period - Slapshot by Dylan Olsen.
13:32 of 1st period - Stopped by Magnus Hellberg without a rebound.
13:33 of 1st period - Pavel Buchnevich wins face-off versus Cody Eakin in Knights zone.
14:18 of 1st period - Backhand shot by Dylan Olsen.
14:18 of 1st period - Stopped by Magnus Hellberg with a rebound.
14:20 of 1st period - Snap shot by Victor Bartley.
14:20 of 1st period - Stopped by Magnus Hellberg with a rebound.
14:22 of 1st period - Slapshot by Dylan Olsen.
14:22 of 1st period - Stopped by Magnus Hellberg with a rebound.
14:24 of 1st period - Slapshot by Dylan Olsen.
14:24 of 1st period - Stopped by Magnus Hellberg without a rebound.
14:25 of 1st period - Noel Acciari wins face-off versus Cody Eakin in Knights zone.
14:36 of 1st period - Snap shot by Pavel Buchnevich.
14:36 of 1st period - Stopped by Anton Forsberg with a rebound.
14:40 of 1st period - Snap shot by Noel Acciari.
14:40 of 1st period - Shot Blocked by Jimmy Hayes.
15:08 of 1st period - Jimmy Hayes is hit by Jacob Trouba and loses puck.
15:15 of 1st period - Valentin Zykov is hit by Andreas Martinsen and loses puck.
15:28 of 1st period - Snap shot by Jimmy Hayes.
15:28 of 1st period - Stopped by Magnus Hellberg with a rebound.
15:30 of 1st period - Snap shot by Cody Eakin.
15:30 of 1st period - Shot Blocked by Valentin Zykov.
15:44 of 1st period - Andreas Martinsen is hit by Tomas Kundratek.
16:16 of 1st period - Snap shot by Jimmy Hayes.
16:16 of 1st period - Shot Blocked by Jacob Trouba.
16:18 of 1st period - Slapshot by Zac Leslie.
16:18 of 1st period - Stopped by Magnus Hellberg with a rebound.
16:20 of 1st period - Wrist shot by Andreas Martinsen.
16:20 of 1st period - Shot Misses the Net.
16:22 of 1st period - Slapshot by Zac Leslie.
16:22 of 1st period - Deflect By Jimmy Hayes.
16:22 of 1st period - Stopped by Magnus Hellberg with a rebound.
16:24 of 1st period - Wrist shot by Cody Eakin.
16:24 of 1st period - Stopped by Magnus Hellberg with a rebound.
16:53 of 1st period - Jacob Trouba is hit by Jimmy Hayes and loses puck.
17:47 of 1st period - Cody Eakin is hit by Jacob Trouba and loses puck.
18:21 of 1st period - Slapshot by Brendan Gaunce.
18:21 of 1st period - Goal by Brendan Gaunce - Knights : 1 - Harfangs : 2.
18:22 of 1st period - Noel Acciari wins face-off versus Calle Jarnkrok in neutral zone.
18:25 of 1st period - Wrist shot by Michael Raffl.
18:25 of 1st period - Shot Blocked by Victor Bartley.
18:27 of 1st period - Snap shot by Noel Acciari.
18:27 of 1st period - Stopped by Anton Forsberg without a rebound.
18:28 of 1st period - Noel Acciari wins face-off versus Calle Jarnkrok in Harfangs zone.
18:57 of 1st period - Snap shot by Scott Wilson.
18:57 of 1st period - Stopped by Anton Forsberg without a rebound.
18:58 of 1st period - Stefan Matteau wins face-off versus Boone Jenner in Harfangs zone.
19:08 of 1st period - Off-side.
19:09 of 1st period - Calle Jarnkrok wins face-off versus Miro Aaltonen in neutral zone.
19:12 of 1st period - Snap shot by Brandon Saad.
19:12 of 1st period - Stopped by Magnus Hellberg with a rebound.
19:24 of 1st period - Brandon Saad is hit by Linden Vey and loses puck.
19:35 of 1st period - Victor Bartley is hit by Zach Trotman.
19:51 of 1st period - Slapshot by Tomas Kubalik.
19:51 of 1st period - Stopped by Magnus Hellberg with a rebound.
19:53 of 1st period - Wrist shot by Reid McNeill.
19:53 of 1st period - Stopped by Magnus Hellberg with a rebound.
Goals for this period are 1 for Knights vs 2 for Harfangs.
Shots for this period are 10 for Knights vs 20 for Harfangs.
2nd period
0:01 of 2nd period - Noel Acciari wins face-off versus Calle Jarnkrok in neutral zone.
0:26 of 2nd period - Victor Bartley is hit by Jacob Trouba and loses puck.
0:37 of 2nd period - Snap shot by Boone Jenner.
0:37 of 2nd period - Stopped by Magnus Hellberg without a rebound.
0:38 of 2nd period - Cody Eakin wins face-off versus Noel Acciari in Knights zone.
1:03 of 2nd period - Linden Vey is hit by Jake Dotchin and loses puck.
1:12 of 2nd period - Wrist shot by Calle Jarnkrok.
1:12 of 2nd period - Deflect By Tomas Kubalik.
1:12 of 2nd period - Shot Blocked by Andrei Mironov.
1:12 of 2nd period - Puck is out of play.
1:13 of 2nd period - Noel Acciari wins face-off versus Boone Jenner in Knights zone.
1:48 of 2nd period - Snap shot by Tomas Kubalik.
1:48 of 2nd period - Stopped by Magnus Hellberg without a rebound.
1:49 of 2nd period - Miro Aaltonen wins face-off versus Calle Jarnkrok in Knights zone.
2:17 of 2nd period - Snap shot by Miro Aaltonen.
2:17 of 2nd period - Stopped by Anton Forsberg with a rebound.
2:41 of 2nd period - Snap shot by Linden Vey.
2:41 of 2nd period - Shot Blocked by Zac Leslie.
2:43 of 2nd period - Snap shot by Miro Aaltonen.
2:43 of 2nd period - Shot Misses the Net.
2:45 of 2nd period - Wrist shot by Linden Vey.
2:45 of 2nd period - Shot Misses the Net.
2:47 of 2nd period - Wrist shot by Linden Vey.
2:47 of 2nd period - Shot Blocked by Zac Leslie.
2:49 of 2nd period - Snap shot by Linden Vey.
2:49 of 2nd period - Shot Misses the Net.
2:51 of 2nd period - Wrist shot by Andrei Mironov.
2:51 of 2nd period - Shot Blocked by Joel Armia.
2:53 of 2nd period - Wrist shot by Miro Aaltonen.
2:53 of 2nd period - Shot Misses the Net.
2:57 of 2nd period - Snap shot by Miro Aaltonen.
2:57 of 2nd period - Shot Misses the Net.
3:05 of 2nd period - Slapshot by Linden Vey.
3:05 of 2nd period - Shot Misses the Net.
3:07 of 2nd period - Wrist shot by Miro Aaltonen.
3:07 of 2nd period - Shot Misses the Net.
3:09 of 2nd period - Snap shot by Miro Aaltonen.
3:09 of 2nd period - Deflect By Joel Armia.
3:09 of 2nd period - Shot Misses the Net.
3:09 of 2nd period - Puck is out of play.
3:10 of 2nd period - Calle Jarnkrok wins face-off versus Noel Acciari in Harfangs zone.
3:44 of 2nd period - Wrist shot by Cody Eakin.
3:44 of 2nd period - Shot Blocked by Jaccob Slavin.
4:02 of 2nd period - Jacob Trouba is hit by Jujhar Khaira and loses puck.
4:28 of 2nd period - Off-side.
4:29 of 2nd period - Cody Eakin wins face-off versus Noel Acciari in neutral zone.
4:58 of 2nd period - Slapshot by Tomas Kubalik.
4:58 of 2nd period - Shot Misses the Net.
5:00 of 2nd period - Snap shot by Tomas Kubalik.
5:00 of 2nd period - Shot Misses the Net.
5:02 of 2nd period - Wrist shot by Tomas Kubalik.
5:02 of 2nd period - Goal by Tomas Kubalik - Knights : 1 - Harfangs : 3.
5:03 of 2nd period - Noel Acciari wins face-off versus Boone Jenner in neutral zone.
5:08 of 2nd period - Snap shot by Noel Acciari.
5:08 of 2nd period - Shot Misses the Net.
5:10 of 2nd period - Slapshot by Noel Acciari.
5:10 of 2nd period - Shot Blocked by Boone Jenner.
5:12 of 2nd period - Snap shot by Noel Acciari.
5:12 of 2nd period - Goal by Noel Acciari - Knights : 2 - Harfangs : 3.
5:13 of 2nd period - Cody Eakin wins face-off versus Michael Raffl in neutral zone.
5:28 of 2nd period - Jaccob Slavin is hit by Andreas Martinsen and loses puck.
5:42 of 2nd period - Minor Penalty to Dylan Olsen for Interference.
5:43 of 2nd period - Miro Aaltonen wins face-off versus Cody Eakin in Harfangs zone.
5:57 of 2nd period - Snap shot by Jaccob Slavin.
5:57 of 2nd period - Stopped by Anton Forsberg without a rebound.
5:58 of 2nd period - Miro Aaltonen wins face-off versus Cody Eakin in Harfangs zone.
6:03 of 2nd period - Snap shot by Michael Raffl.
6:03 of 2nd period - Goal by Michael Raffl - Knights : 3 - Harfangs : 3.
6:04 of 2nd period - Boone Jenner wins face-off versus Michael Raffl in neutral zone.
6:07 of 2nd period - Wrist shot by Brandon Pirri.
6:07 of 2nd period - Stopped by Magnus Hellberg with a rebound.
6:13 of 2nd period - Victor Bartley is hit by Zach Trotman and loses puck.
6:20 of 2nd period - Snap shot by Michael Raffl.
6:20 of 2nd period - Shot Misses the Net.
7:37 of 2nd period - Minor Penalty to Brandon Pirri for Slashing.
7:38 of 2nd period - Miro Aaltonen wins face-off versus Cody Eakin in Harfangs zone.
7:41 of 2nd period - Wrist shot by Miro Aaltonen.
7:41 of 2nd period - Goal by Miro Aaltonen - Knights : 4 - Harfangs : 3.
7:42 of 2nd period - Cody Eakin wins face-off versus Noel Acciari in neutral zone.
8:24 of 2nd period - Snap shot by Cody Eakin.
8:24 of 2nd period - Stopped by Magnus Hellberg without a rebound.
8:25 of 2nd period - Miro Aaltonen wins face-off versus Calle Jarnkrok in Knights zone.
8:25 of 2nd period - Miro Aaltonen is hit by Tomas Kubalik.
9:47 of 2nd period - Off-side.
9:48 of 2nd period - Miro Aaltonen wins face-off versus Calle Jarnkrok in neutral zone.
9:53 of 2nd period - Slapshot by Linden Vey.
9:53 of 2nd period - Stopped by Anton Forsberg with a rebound.
9:55 of 2nd period - Wrist shot by Jordan Martinook.
9:55 of 2nd period - Stopped by Anton Forsberg with a rebound.
9:57 of 2nd period - Slapshot by Zach Trotman.
9:57 of 2nd period - Deflect By Miro Aaltonen.
9:57 of 2nd period - Stopped by Anton Forsberg with a rebound.
9:59 of 2nd period - Snap shot by Miro Aaltonen.
9:59 of 2nd period - Shot Blocked by Jake Dotchin.
10:40 of 2nd period - Jacob Trouba is hit by Dylan Olsen and loses puck.
10:47 of 2nd period - Snap shot by Cody Eakin.
10:47 of 2nd period - Shot Blocked by Pavel Buchnevich.
10:49 of 2nd period - Snap shot by Jimmy Hayes.
10:49 of 2nd period - Stopped by Magnus Hellberg without a rebound.
10:50 of 2nd period - Miro Aaltonen wins face-off versus Laurent Dauphin in Knights zone.
11:15 of 2nd period - Tomas Kundratek is hit by Andreas Martinsen and loses puck.
11:37 of 2nd period - Icing by Victor Bartley.
11:38 of 2nd period - Brendan Gaunce wins face-off versus Brandon Pirri in Harfangs zone.
11:45 of 2nd period - Zach Trotman is hit by Jujhar Khaira and loses puck.
12:06 of 2nd period - Slapshot by Dylan Olsen.
12:06 of 2nd period - Goal by Dylan Olsen - Knights : 4 - Harfangs : 4.
12:07 of 2nd period - Noel Acciari wins face-off versus Cody Eakin in neutral zone.
12:25 of 2nd period - Jacob Trouba is hit by Jimmy Hayes.
12:45 of 2nd period - Minor Penalty to Brandon Saad for Roughing.
12:46 of 2nd period - Cody Eakin wins face-off versus Miro Aaltonen in Harfangs zone.
14:02 of 2nd period - Icing by Linden Vey.
14:03 of 2nd period - Noel Acciari wins face-off versus Cody Eakin in Knights zone.
14:08 of 2nd period - Wrist shot by Pavel Buchnevich.
14:08 of 2nd period - Shot Misses the Net.
14:10 of 2nd period - Wrist shot by Pavel Buchnevich.
14:10 of 2nd period - Shot Misses the Net.
14:12 of 2nd period - Snap shot by Pavel Buchnevich.
14:12 of 2nd period - Shot Misses the Net.
14:45 of 2nd period - Penalty to Brandon Saad is over, Brandon Saad is back on ice.
15:02 of 2nd period - Off-side.
15:03 of 2nd period - Boone Jenner wins face-off versus Brendan Gaunce in neutral zone.
16:51 of 2nd period - Icing by Noel Acciari.
16:52 of 2nd period - Noel Acciari wins face-off versus Boone Jenner in Knights zone.
17:09 of 2nd period - Wrist shot by Noel Acciari.
17:09 of 2nd period - Stopped by Anton Forsberg without a rebound.
17:10 of 2nd period - Jordan Martinook wins face-off versus Cody Eakin in Harfangs zone.
17:11 of 2nd period - Slapshot by Miro Aaltonen.
17:11 of 2nd period - Shot Blocked by Jake Dotchin.
17:13 of 2nd period - Wrist shot by Linden Vey.
17:13 of 2nd period - Goal by Linden Vey - Knights : 5 - Harfangs : 4.
17:14 of 2nd period - Miro Aaltonen wins face-off versus Cody Eakin in neutral zone.
18:07 of 2nd period - Backhand shot by Stefan Matteau.
18:07 of 2nd period - Stopped by Anton Forsberg without a rebound.
18:08 of 2nd period - Cody Eakin wins face-off versus Miro Aaltonen in Harfangs zone.
19:01 of 2nd period - Snap shot by Brendan Gaunce.
19:01 of 2nd period - Stopped by Anton Forsberg with a rebound.
19:03 of 2nd period - Slapshot by Tom Wilson.
19:03 of 2nd period - Shot Blocked by Joel Armia.
19:23 of 2nd period - Wrist shot by Brandon Pirri.
19:23 of 2nd period - Stopped by Magnus Hellberg with a rebound.
19:25 of 2nd period - Slapshot by Brandon Pirri.
19:25 of 2nd period - Stopped by Magnus Hellberg without a rebound.
19:26 of 2nd period - Noel Acciari wins face-off versus Cody Eakin in Knights zone.
19:37 of 2nd period - Wrist shot by Michael Raffl.
19:37 of 2nd period - Shot Blocked by Jimmy Hayes.
Goals for this period are 4 for Knights vs 2 for Harfangs.
Shots for this period are 12 for Knights vs 9 for Harfangs.
3rd period
0:01 of 3rd period - Noel Acciari wins face-off versus Cody Eakin in neutral zone.
0:08 of 3rd period - Snap shot by Pavel Buchnevich.
0:08 of 3rd period - Stopped by Anton Forsberg with a rebound.
0:10 of 3rd period - Snap shot by Michael Raffl.
0:10 of 3rd period - Shot Misses the Net.
0:12 of 3rd period - Wrist shot by Michael Raffl.
0:12 of 3rd period - Deflect By Pavel Buchnevich.
0:12 of 3rd period - Shot Misses the Net.
0:12 of 3rd period - Puck is out of play.
0:13 of 3rd period - Miro Aaltonen wins face-off versus Cody Eakin in Harfangs zone.
0:14 of 3rd period - Wrist shot by Linden Vey.
0:14 of 3rd period - Deflect By Miro Aaltonen.
0:14 of 3rd period - Shot Misses the Net.
0:14 of 3rd period - Puck is out of play.
0:15 of 3rd period - Cody Eakin wins face-off versus Miro Aaltonen in Harfangs zone.
0:15 of 3rd period - Cody Eakin is hit by Jordan Martinook.
0:23 of 3rd period - Slapshot by Reid McNeill.
0:23 of 3rd period - Stopped by Magnus Hellberg with a rebound.
0:25 of 3rd period - Snap shot by Andreas Martinsen.
0:25 of 3rd period - Stopped by Magnus Hellberg with a rebound.
0:47 of 3rd period - Slapshot by Miro Aaltonen.
0:47 of 3rd period - Stopped by Anton Forsberg with a rebound.
1:19 of 3rd period - Jordan Martinook is hit by Jimmy Hayes and loses puck.
1:59 of 3rd period - Snap shot by Jimmy Hayes.
1:59 of 3rd period - Goal by Jimmy Hayes - Knights : 5 - Harfangs : 5.
2:00 of 3rd period - Calle Jarnkrok wins face-off versus Noel Acciari in neutral zone.
2:03 of 3rd period - Slapshot by Victor Bartley.
2:03 of 3rd period - Shot Blocked by Andrei Mironov.
2:15 of 3rd period - Backhand shot by Tomas Kubalik.
2:15 of 3rd period - Deflect By Collin Miller.
2:15 of 3rd period - Stopped by Magnus Hellberg without a rebound.
2:16 of 3rd period - Brendan Gaunce wins face-off versus Boone Jenner in Knights zone.
2:25 of 3rd period - Wrist shot by Brendan Gaunce.
2:25 of 3rd period - Stopped by Anton Forsberg with a rebound.
2:27 of 3rd period - Slapshot by Andrei Mironov.
2:27 of 3rd period - Stopped by Anton Forsberg without a rebound.
2:28 of 3rd period - Calle Jarnkrok wins face-off versus Noel Acciari in Harfangs zone.
2:28 of 3rd period - Calle Jarnkrok is hit by Collin Miller.
2:38 of 3rd period - Wrist shot by Brandon Saad.
2:38 of 3rd period - Goal by Brandon Saad - Knights : 5 - Harfangs : 6.
2:39 of 3rd period - Calle Jarnkrok wins face-off versus Noel Acciari in neutral zone.
3:05 of 3rd period - Linden Vey is hit by Dylan Olsen and loses puck.
3:44 of 3rd period - Slapshot by Zach Trotman.
3:44 of 3rd period - Stopped by Anton Forsberg with a rebound.
3:54 of 3rd period - Slapshot by Reid McNeill.
3:54 of 3rd period - Stopped by Magnus Hellberg with a rebound.
4:10 of 3rd period - Minor Penalty to Brandon Saad for Slashing.
4:11 of 3rd period - Cody Eakin wins face-off versus Miro Aaltonen in Harfangs zone.
4:24 of 3rd period - Snap shot by Miro Aaltonen.
4:24 of 3rd period - Deflect By Cody Eakin.
4:24 of 3rd period - Shot Misses the Net.
4:24 of 3rd period - Puck is out of play.
4:25 of 3rd period - Cody Eakin wins face-off versus Miro Aaltonen in Harfangs zone.
4:53 of 3rd period - Icing by Valentin Zykov.
4:54 of 3rd period - Cody Eakin wins face-off versus Noel Acciari in Knights zone.
4:55 of 3rd period - Snap shot by Jimmy Hayes.
4:55 of 3rd period - Shot Blocked by Tomas Kundratek.
5:20 of 3rd period - Minor Penalty to Andreas Martinsen for Roughing.
5:21 of 3rd period - Pavel Buchnevich wins face-off versus Cody Eakin in Harfangs zone.
6:10 of 3rd period - Penalty to Brandon Saad is over, Brandon Saad is back on ice.
6:22 of 3rd period - Snap shot by Joel Armia.
6:22 of 3rd period - Deflect By Linden Vey.
6:22 of 3rd period - Stopped by Magnus Hellberg with a rebound.
6:24 of 3rd period - Snap shot by Joel Armia.
6:24 of 3rd period - Stopped by Magnus Hellberg with a rebound.
7:20 of 3rd period - Penalty to Andreas Martinsen is over, Andreas Martinsen is back on ice.
7:35 of 3rd period - Wrist shot by Jujhar Khaira.
7:35 of 3rd period - Stopped by Magnus Hellberg without a rebound.
7:36 of 3rd period - Stefan Matteau wins face-off versus Calle Jarnkrok in Knights zone.
7:47 of 3rd period - Snap shot by Tomas Kubalik.
7:47 of 3rd period - Stopped by Magnus Hellberg with a rebound.
7:49 of 3rd period - Snap shot by Tomas Kubalik.
7:49 of 3rd period - Stopped by Magnus Hellberg with a rebound.
7:51 of 3rd period - Snap shot by Calle Jarnkrok.
7:51 of 3rd period - Shot Misses the Net.
7:57 of 3rd period - Minor Penalty to Brett Connolly for Goalie Interference.
7:58 of 3rd period - Cody Eakin wins face-off versus Linden Vey in Knights zone.
9:57 of 3rd period - Penalty to Brett Connolly is over, Brett Connolly is back on ice.
10:31 of 3rd period - Backhand shot by Tom Wilson.
10:31 of 3rd period - Shot Blocked by Rinat Valiev.
10:33 of 3rd period - Backhand shot by Tomas Kundratek.
10:33 of 3rd period - Stopped by Anton Forsberg with a rebound.
10:35 of 3rd period - Wrist shot by Tom Wilson.
10:35 of 3rd period - Shot Misses the Net.
11:15 of 3rd period - Off-side.
11:16 of 3rd period - Boone Jenner wins face-off versus Valentin Zykov in neutral zone.
11:23 of 3rd period - Wrist shot by Jujhar Khaira.
11:23 of 3rd period - Goal by Jujhar Khaira - Knights : 5 - Harfangs : 7.
11:24 of 3rd period - Noel Acciari wins face-off versus Cody Eakin in neutral zone.
12:37 of 3rd period - Snap shot by Jordan Martinook.
12:37 of 3rd period - Shot Misses the Net.
12:39 of 3rd period - Snap shot by Collin Miller.
12:39 of 3rd period - Stopped by Anton Forsberg without a rebound.
12:40 of 3rd period - Noel Acciari wins face-off versus Cody Eakin in Harfangs zone.
12:43 of 3rd period - Snap shot by Michael Raffl.
12:43 of 3rd period - Goal by Michael Raffl - Knights : 6 - Harfangs : 7.
12:44 of 3rd period - Andreas Martinsen wins face-off versus Noel Acciari in neutral zone.
12:49 of 3rd period - Slapshot by Andreas Martinsen.
12:49 of 3rd period - Shot Misses the Net.
12:51 of 3rd period - Slapshot by Victor Bartley.
12:51 of 3rd period - Stopped by Magnus Hellberg with a rebound.
12:53 of 3rd period - Snap shot by Jimmy Hayes.
12:53 of 3rd period - Shot Misses the Net.
12:55 of 3rd period - Slapshot by Victor Bartley.
12:55 of 3rd period - Stopped by Magnus Hellberg with a rebound.
12:57 of 3rd period - Snap shot by Cody Eakin.
12:57 of 3rd period - Deflect By Jimmy Hayes.
12:57 of 3rd period - Goal by Jimmy Hayes - Knights : 6 - Harfangs : 8.
12:58 of 3rd period - Noel Acciari wins face-off versus Cody Eakin in neutral zone.
14:06 of 3rd period - Jaccob Slavin is hit by Laurent Dauphin and loses puck.
14:16 of 3rd period - Icing by Jaccob Slavin.
14:17 of 3rd period - Cody Eakin wins face-off versus Brendan Gaunce in Knights zone.
14:28 of 3rd period - Slapshot by Jimmy Hayes.
14:28 of 3rd period - Shot Misses the Net.
14:48 of 3rd period - Wrist shot by Brendan Gaunce.
14:48 of 3rd period - Stopped by Anton Forsberg with a rebound.
14:56 of 3rd period - Snap shot by Tom Wilson.
14:56 of 3rd period - Goal by Tom Wilson - Knights : 7 - Harfangs : 8.
14:57 of 3rd period - Noel Acciari wins face-off versus Cody Eakin in neutral zone.
15:03 of 3rd period - Minor Penalty to Cody Eakin for Tripping.
15:04 of 3rd period - Miro Aaltonen wins face-off versus Jimmy Hayes in Harfangs zone.
15:06 of 3rd period - Wrist shot by Miro Aaltonen.
15:06 of 3rd period - Stopped by Anton Forsberg with a rebound.
15:30 of 3rd period - Linden Vey is hit by Jimmy Hayes and loses puck.
15:39 of 3rd period - Wrist shot by Valentin Zykov.
15:39 of 3rd period - Stopped by Anton Forsberg without a rebound.
15:40 of 3rd period - Boone Jenner wins face-off versus Miro Aaltonen in Harfangs zone.
17:03 of 3rd period - Penalty to Cody Eakin is over, Cody Eakin is back on ice.
17:45 of 3rd period - Joel Armia is hit by Jordan Martinook and loses puck.
18:02 of 3rd period - Collin Miller is hit by Dylan Olsen and loses puck.
18:31 of 3rd period - Snap shot by Pavel Buchnevich.
18:31 of 3rd period - Stopped by Anton Forsberg with a rebound.
18:55 of 3rd period - Knights, Magnus Hellberg is pulled from the net.
19:13 of 3rd period - Zach Trotman is hit by Andreas Martinsen and loses puck.
19:46 of 3rd period - Wrist shot by Noel Acciari.
19:46 of 3rd period - Shot Misses the Net.
19:52 of 3rd period - Dylan Olsen is hit by Noel Acciari.
Goals for this period are 2 for Knights vs 4 for Harfangs.
Shots for this period are 13 for Knights vs 15 for Harfangs.
Back to the Top